 Dungeon Crawl Stone Soup version 0.31-a0-1574-g5526595cd0 (webtiles) character file.

Game seed: 11864719351042383662

16116 Gargoyl the Fighter (level 12, -4/76 HPs)
             Began as a Gargoyle Berserker on Jan 4, 2024.
             Was a Priest of Trog.
             Shot with an arrow by a centaur (11 damage)
             ... in a volcano.
             The game lasted 00:19:07 (12448 turns).

Gargoyl the Fighter (Gargoyle Berserker)           Turns: 12448, Time: 00:19:07

Health: -4/76      AC: 22    Str: 21    XL:     12   Next: 34%
Magic:  12/12      EV: 19    Int: 15    God:    Trog [***...]
Gold:   410        SH:  0    Dex: 13    Spells: 11/11 levels left

rFire   . . .        B - +0 hand axe (elec)
rCold   . . .        (no shield)
rNeg    + . .        m - +4 ring mail
rPois   ∞            (no helmet)
rElec   +            (no cloak)
rCorr   .            n - +1 pair of gloves
SInv    .            (no boots)
Will    +++..        (no amulet)
Stlth   ++           i - +5 ring of evasion
HPRegen 1.32/turn    t - +6 ring of intelligence
MPRegen 0.13/turn

%: no passive effects
@: strong-willed, enlightened, flying, regenerating
A: sickness immunity, AC +8, negative energy resistance 1, electricity
resistance, torment resistance 1, petrification resistance
a: Renounce Religion, Berserk, Trog's Hand


You were in a volcano.
You worshipped Trog.
Trog was most pleased with you.
You visited 2 branches of the dungeon, and saw 12 of its levels.
You also visited: Volcano.

You collected 555 gold pieces.
You spent 145 gold pieces at shops.

Inventory:

Hand Weapons
 c - a +2 hand axe of flaming
 l - a +3 short sword of venom
 B - a +0 hand axe of electrocution (weapon)
Missiles
 e - 9 poisoned darts
 h - 5 throwing nets
Armour
 m - a +4 ring mail (worn)
 n - a +1 pair of gloves (worn)
Jewellery
 i - a +5 ring of evasion (left hand)
 o - an amulet of guardian spirit
 r - a ring of resist corrosion
 t - a +6 ring of intelligence (right hand)
 w - a +5 ring of evasion
Wands
 j - a wand of charming (21)
 y - a wand of roots (4)
 D - a wand of flame (9)
Scrolls
 b - 4 scrolls of teleportation
 d - a scroll of vulnerability
 k - 3 scrolls of fog
 s - 2 scrolls of identify
Potions
 a - a potion of resistance
 f - a potion of might
 g - 2 potions of haste
 p - a potion of enlightenment
 q - 2 potions of heal wounds
 u - a potion of mutation {unknown}
 v - a potion of degeneration
 x - a potion of curing


   Skills:
 + Level 9.3 Fighting
 + Level 8.5 Short Blades
 + Level 9.2 Axes
 + Level 1.3 Throwing
 + Level 8.3 Armour
 + Level 8.1 Dodging
 + Level 4.0 Stealth


You had 11 spell levels left.
You didn't know any spells.
Your spell library was empty.

Dungeon Overview and Level Annotations

Branches:
Dungeon (10/15)            Temple (0/1) D:7            Lair (2/5) D:10
  Swamp (0/4) Lair:2          Orc (0/2) D:9         Volcano (1/1)
  Snake: Lair:2-3    Spider: Lair:2-3

Altars:
Gozag
Hepliaklqana
Kikubaaqudgha
Qazlal
Ru
Trog
Wu Jian
Xom
The Shining One

Shops:
D:6 *

Portals:
Abyss: D:5

Annotations:
D:5 2 transporters, vurker's ghost, novice DjAE


Innate Abilities, Weirdness & Mutations

You are immune to sickness and miasma.
Your stone body is resilient. (AC +8)
You are immune to poison.
You resist negative energy. (rN+)
You are resistant to electric shocks. (rElec)
You are resistant to unholy torment.
You are immune to petrification.


Message History

Found a potion of magic and a leather armour of fire resistance.
The centaur warrior shouts!
You hear a shout!
The centaur warrior shoots an arrow.
The arrow completely misses you.
A centaur opens the large door.
There are monsters nearby!
The centaur warrior shoots an arrow.
The arrow hits you. The arrow burns you.
A centaur comes into view.
It is wielding a +1 shortbow of flaming.
The centaur shouts!
You hear a shout!
You hear a roar!
The centaur shoots an arrow.
The arrow barely misses you.
A centaur opens the large door.
The centaur warrior shoots an arrow.
The arrow hits you!! The arrow burns you.
A centaur comes into view.
It is wielding a +0 shortbow of flaming.
The centaur shoots an arrow.
The arrow closely misses you.
A red draconian and a centaur come into view.
The red draconian is wielding a +0 scimitar of flaming.
The centaur is wielding a +1 shortbow of flaming.
Found a radiant altar of Vehumet.
The centaur shoots an arrow.
The arrow completely misses you.
The centaur shoots an arrow.
The arrow closely misses you.
The centaur shoots an arrow.
The arrow hits you! The arrow burns you.
The centaur warrior shoots an arrow.
The arrow misses you.
The centaur moves out of view.
The centaur shouts!
Your skin crawls.
You feel strong-willed.
The centaur shoots an arrow.
The arrow misses you.
The centaur shoots an arrow.
The arrow hits you. The arrow burns you.
The centaur warrior shoots an arrow.
The arrow hits you. The arrow burns you.
The centaur shoots an arrow.
The arrow barely misses you.
The centaur shoots an arrow.
The arrow hits you but does no damage.
You feel very buoyant.
You fly up into the air.
The centaur shoots an arrow.
The arrow hits you! The arrow burns you.
* * * LOW HITPOINT WARNING * * *
The centaur warrior shoots an arrow.
The arrow hits you!
* * * LOW HITPOINT WARNING * * *
The arrow burns you.
* * * LOW HITPOINT WARNING * * *
The centaur shoots an arrow.
The arrow hits you but does no damage.
The centaur shoots an arrow.
The arrow hits you!
You die...

#. '.._..' .
...#.....#d .#≈
..#######. .#≈
...c.[.!.' ..#≈
...#..≈c.#.c.#§
...#8≈≈≈8#cc.#
#..'..≈..'..#
#..'...@.'..#§≈
##.#8...8#.##≈§
≈###.....###≈§≈
§≈≈§.....§≈≈§§#
§≈≈§8...8≈≈≈§#
≈≈≈≈.....§≈###
#§≈≈.....≈≈#
#≈≈≈8.#)8≈##
####.....##


You could see a red draconian, a centaur warrior and 4 centaurs.

Vanquished Creatures
  Gastronok (Lair:1)
  Harold (D:10)
  A boulder beetle (Lair:1)
  A two-headed ogre (D:10)
  2 centaur warriors (D:8)
  A black mamba (Lair:2)
  2 unseen horrors (D:10)
  A rime drake (Lair:1)
  4 komodo dragons
  3 blink frogs (Lair:1)
  Sigmund (D:2)
  A wyvern (Lair:2)
  21 yaks
  2 basilisks (Lair:2)
  2 steam dragons
  2 acid dragons
  2 hell hounds (Lair:2)
  6 water moccasins
  2 ice beasts
  5 orc warriors
  3 sky beasts
  2 centaurs
  An ogre (D:5)
  4 wolves (Lair:1)
  4 phantoms
  A kobold brigand (D:9)
  A gnoll sergeant (D:10)
  7 bullfrogs
  A scorpion (D:4)
  9 wights
  9 killer bees
  2 vampire bats (D:7)
  2 bombardier beetles (D:5)
  4 orc priests (D:9)
  5 hounds
  3 jellies
  4 sleepcaps
  16 orc wizards
  2 iguanas (D:5)
  2 gnolls (D:10)
  8 adders
  4 white imps
  2 ufetubi (D:4)
  4 ribbon worms
  2 dart slugs (D:1)
  41 orcs
  13 bats
  4 endoplasms
  2 giant cockroaches
  9 hobgoblins
  4 jackals (D:5)
  5 quokkas
  9 ball pythons
  4 frilled lizards
  5 goblins
  13 kobolds
  5 rats
277 creatures vanquished.

Vanquished Creatures (others)
  A gnoll (D:10)
1 creature vanquished.

Grand Total: 278 creatures vanquished

Notes
Turn   | Place    | Note
-------+----------+-------------------------------------------
     0 | D:1      | Gargoyl the Gargoyle Berserker began the quest for the Orb.
     0 | D:1      | Reached XP level 1. HP: 14/14 MP: 1/1
   166 | D:1      | Reached XP level 2. HP: 16/19 MP: 2/2
   937 | D:1      | Reached XP level 3. HP: 24/24 MP: 3/3
  1303 | D:2      | Noticed Sigmund
  1304 | D:2      | Found a faded altar of an unknown god.
  1316 | D:2      | Killed Sigmund
  1317 | D:2      | Reached XP level 4. HP: 30/30 MP: 4/4
  1317 | D:2      | Reached XP level 5. HP: 34/34 MP: 5/5
  1540 | D:2      | Reached XP level 6. HP: 39/39 MP: 6/6
  2102 | D:3      | Reached ** piety under Trog
  2185 | D:3      | Reached skill level 1 in Short Blades
  2450 | D:3      | Found a stormy altar of Qazlal.
  2949 | D:4      | Reached XP level 7. HP: 44/44 MP: 7/7
  3249 | D:5      | Entered Level 5 of the Dungeon
  3540 | D:5      | Reached skill level 5 in Fighting
  4094 | D:5      | Found a transporter.
  4174 | D:5      | Found a transporter.
  4175 | D:5      | Noticed vurker's ghost (novice DjAE)
  4175 | D:5      | Found a one-way gate to the infinite horrors of the Abyss.
  4279 | D:5      | Reached XP level 8. HP: 50/50 MP: 8/8
  4363 | D:5      | Noticed a small abomination
  4392 | D:5      | Noticed a yak
  4400 | D:5      | Noticed a yak
  4402 | D:5      | Noticed a yak
  4402 | D:5      | Noticed a yak
  4405 | D:5      | Noticed a yak
  4441 | D:5      | Killed a yak
  4641 | D:5      | Noticed a yak
  4667 | D:5      | Killed a yak
  4668 | D:5      | Reached skill level 5 in Short Blades
  4668 | D:5      | Reached skill level 1 in Stealth
  4683 | D:5      | Killed a yak
  4684 | D:5      | Reached skill level 5 in Armour
  4692 | D:5      | HP: 4/114 [yak (3)]
  4694 | D:5      | Killed a yak
  4695 | D:5      | Reached XP level 9. HP: 5/55 MP: 9/9
  5255 | D:6      | Reached skill level 1 in Throwing
  5715 | D:6      | Found Vuraepu's Assorted Antiques.
  5725 | D:6      | Bought a lumpy emerald amulet for 145 gold pieces
  6115 | D:7      | Reached skill level 5 in Dodging
  6126 | D:7      | Found a staircase to the Ecumenical Temple.
  6265 | D:7      | Found an opulent altar of Gozag.
  6399 | D:7      | Identified the +1 leather armour of Happiness {Harm rPois
                  | rCorr Str-4}
  6672 | D:7      | Reached skill level 5 in Axes
  6783 | D:7      | Reached XP level 10. HP: 61/61 MP: 10/10
  6836 | D:7      | Found an ornate altar of the Wu Jian Council.
  7519 | D:8      | Found a bloodstained altar of Trog.
  7522 | D:8      | Noticed a centaur warrior
  7523 | D:8      | Noticed a centaur warrior
  7799 | D:8      | Killed a centaur warrior
  7812 | D:8      | Killed a centaur warrior
  8176 | D:8      | Reached *** piety under Trog
  8716 | D:9      | Reached XP level 11. HP: 64/68 MP: 11/11
  9349 | D:9      | Found a staircase to the Orcish Mines.
  9444 | D:10     | Entered Level 10 of the Dungeon
  9483 | D:10     | Noticed a two-headed ogre
  9507 | D:10     | Killed a two-headed ogre
  9535 | D:10     | Found a sacrificial altar of Ru.
  9536 | D:10     | Found a hazy altar of Hepliaklqana.
  9537 | D:10     | Found a shimmering altar of Xom.
  9818 | D:10     | Found an ancient bone altar of Kikubaaqudgha.
  9940 | D:10     | Found a glowing golden altar of the Shining One.
 10030 | D:10     | Found a staircase to the Lair.
 10251 | D:10     | Noticed Harold
 10277 | D:10     | Killed Harold
 10507 | Lair:1   | Entered Level 1 of the Lair of Beasts
 10949 | Lair:1   | Noticed a boulder beetle
 10981 | Lair:1   | Killed a boulder beetle
 11169 | Lair:1   | Reached XP level 12. HP: 76/76 MP: 12/12
 11398 | Lair:1   | Noticed Gastronok
 11417 | Lair:1   | Killed Gastronok
 12127 | Lair:2   | Found a staircase to the Swamp.
 12348 | Lair:2   | Found a dark tunnel.
 12370 | Volcano  | Entered a volcano
 12443 | Volcano  | Noticed a centaur warrior
 12446 | Volcano  | Found a radiant altar of Vehumet.
 12446 | Volcano  | Noticed a red draconian
 12448 | Volcano  | Shot with an arrow by a centaur

Illustrated notes

Levels and vault maps discovered:
D:1:      grunt_arrival_lava_bath, layout_basic, chequers_serial_rivers_room_b
D:2:      layout_rooms, basic_ecumenical_altar, st_stairs_10, minivault_24,
          uniq_sigmund
D:3:      cheibrodos_helix_gallery, layout_basic, marbit_many_paths
D:4:      layout_cave_pools
D:5:      layout_cave_pods, gammafunk_ghost_abyssal_escape,
          serial_library_hellmonk_semicircle, st_stairs_10
D:6:      layout_loops_ring, serial_shops, nicolae_shop_gibbet_a_chance,
          kennysheep_flooded_box
D:7:      layout_loops_ring, pdpol_wu_jian_five_deadly_venoms,
          grunt_gozag_breadcrumbs, minmay_temple_entry_mini_moons,
          grunt_ministairs_3, roderic_batcave
D:8:      layout_loops_corners, mainiacjoe_overflow_catwalk,
          minmay_chambers_of_fives
D:9:      layout_irregular_city, hiddenorc1_lemuel
D:10:     layout_big_octagon, nicolae_tso_carved_into_rock,
          kiku_gazebo_garden_becter, chequers_temple_overflow_statue_of_worship,
          lair_entry_dummy, uniq_harold
Lair:1:   layout_cave_pods, uniq_gastronok
Lair:2:   layout_chaotic_city, swamp_mist, enter_volcano_3,
          infiniplex_staircase_pool, uniq_erica
Volcano:  kennysheep_volcano_temple

Skill      XL: |  1  2  3  4  5  6  7  8  9 10 11 12 |
---------------+-------------------------------------+-----
Axes           | 3 4 5 8 9 |  9.2
Fighting       | 4 5 6 8 9 |  9.3
Dodging        | 2 3 4 5 6 7 8 |  8.1
Short Blades   | 2 3 5 6 8 |  8.5
Armour         | 3 5 6 7 8 |  8.3
Stealth        | 1 2 3 4 |  4.0
Throwing       | 1 |  1.3

Action                     |  1- 3 |  4- 6 |  7- 9 | 10-12 || total
---------------------------+-------+-------+-------+-------++-------
  Melee: Hand axe          |    85 |       |   121 |   355 ||   561
         Short sword       |    12 |   136 |   348 |   379 ||   875
         Punch             |       |     2 |     5 |    11 ||    18
  Throw: Dart              |       |       |     4 |     7 ||    11
 Invoke: Berserk           |     3 |     3 |     8 |    13 ||    27
         Trog's Hand       |       |     2 |     6 |    17 ||    25
    Use: Scroll            |     1 |     9 |     6 |    12 ||    28
         Potion            |       |       |     3 |     4 ||     7
   Stab: Sleeping          |       |       |       |     1 ||     1
 Armour: Animal skin       |    60 |       |       |       ||    60
         Chain mail        |    17 |    96 |       |       ||   113
         Skin              |     5 |       |    36 |       ||    41
         Ring mail         |       |     8 |   263 |   574 ||   845
  Dodge: Dodged            |    67 |    56 |   325 |   684 ||  1132

Table legend: (Time is in decaauts)
 A = Elapsed time spent in this place.
 B = Non-inter-level travel time spent in this place.
 C = Inter-level travel time spent in this place.
 D = Time resting spent in this place.
 E = Time spent auto-exploring this place.
 F = Levels seen in this place.
 G = Mean time per level.
                   A        B        C        D        E       F      G
               +--------+--------+--------+--------+--------+-----+--------+
         Total |  12451 |  12111 |    340 |   1124 |   7888 |  13 |  957.8 |
       Dungeon |  10484 |  10152 |    332 |   1086 |   6434 |  10 | 1048.4 |
          Lair |   1881 |   1873 |      8 |      0 |   1424 |   2 |  940.5 |
       Volcano |     85 |     85 |      0 |     38 |     30 |   1 |   85.0 |
               +--------+--------+--------+--------+--------+-----+--------+

Top non-repeatable levels by time:
     D:5: 1765 daAuts
     D:8: 1247 daAuts
  Lair:1: 1172 daAuts
     D:1: 1116 daAuts
     D:7: 1076 daAuts
    D:10: 1062 daAuts
     D:3: 1041 daAuts
     D:9: 1028 daAuts
     D:6: 931 daAuts
  Lair:2: 709 daAuts
     D:4: 631 daAuts
     D:2: 582 daAuts
 Volcano: 85 daAuts
